 Dungeon Crawl Stone Soup version 0.30.1-3-gfc49f6343a (webtiles) character file.

Game seed: 10627661813368570801

193 Anandil the Trooper (level 5, 0/63 HPs)
             Began as a Demonspawn Fighter on Aug 1, 2023.
             Slain by a gnoll
             ... wielding a +0 whip
             ... led by a gnoll bouda
              (5 damage)
             ... on level 4 of the Dungeon.
             The game lasted 00:03:07 (2471 turns).

Anandil the Trooper (Demonspawn Fighter)            Turns: 2471, Time: 00:03:08

Health: 0/63       AC: 22    Str: 19    XL:     5   Next: 43%
Magic:  5/5        EV:  2    Int:  9    God:
Gold:   137        SH:  4    Dex: 12    Spells: 4/4 levels left

rFire   . . .        a - +0 trident
rCold   . . .        c - +0 buckler
rNeg    . . .        m - melded +0 chain mail
rPois   +            f - melded +0 helmet
rElec   .            (cloak currently unavailable)
rCorr   .            (gloves currently unavailable)
SInv    .            (boots currently unavailable)
Will    .....        (no amulet)
Stlth   +            (no ring)
HPRegen 0.30/turn    (no ring)
MPRegen 0.09/turn

%: no passive effects
@: mighty, tree-form, hasted, very quick
A: stationary, stasis, torment immunity, boosted hp, (molten scales 2), powered
by pain 1, (demonic touch 1)
a: no special abilities


You were on level 4 of the Dungeon.
You were a tree.
You visited 1 branch of the dungeon, and saw 4 of its levels.

You collected 137 gold pieces.

Inventory:

Hand Weapons
 a - a +0 trident (weapon)
Missiles
 e - 5 javelins (quivered)
Armour
 b - a +0 scale mail
 c - a +0 buckler (worn)
 f - a +0 helmet (melded)
 m - a +0 chain mail (melded)
Jewellery
 t - an amulet of magic regeneration
Scrolls
 g - 3 scrolls of identify {unknown}
 k - 2 scrolls of magic mapping {unknown}
 n - a scroll of vulnerability {unknown}
 q - a scroll of fog {unknown}
 s - 2 scrolls of fear {unknown}
 u - a scroll of teleportation {unknown}
Potions
 d - a potion of might
 i - a potion of resistance {unknown}
 j - a potion of lignification
 l - a potion of magic {unknown}
 o - 2 potions of flight
 p - a potion of brilliance {unknown}
 r - 2 potions of degeneration {unknown}
 v - 2 potions of attraction {unknown}


   Skills:
 + Level 4.0 Fighting
 + Level 2.9 Polearms
 + Level 3.6 Armour
 + Level 3.6 Shields


You had 4 spell levels left.
You didn't know any spells.
Your spell library contained the following spells:

 Spells                   Type           Power      Damage    Failure   Level
 Apportation              Tloc           0%         N/A       45%         1
 Necrotise                Necr           0%         1d4       45%         1
 Summon Small Mammal      Summ           0%         N/A       45%         1


Dungeon Overview and Level Annotations

Branches:
Dungeon (4/15)
 Temple: D:4-7

Altars:
Cheibriados


Innate Abilities, Weirdness & Mutations

You are a tree.
Your roots penetrate the ground, keeping you stationary.
You cannot be teleported.
You are immune to unholy pain and torment.
Your maximum health is greatly increased.
Your equipment is partially melded.
((You are mostly covered in molten scales. (AC +3)))
You sometimes gain a little power by taking damage.
((Your touch may inflict minor irresistible damage on your foes.))


Message History

You hit the gnoll bouda.
The gnoll bouda is moderately wounded.
You block the gnoll bouda's attack.
Unknown command.
You closely miss the gnoll bouda.
The gnoll bouda is moderately wounded.
Your attacks no longer feel as feeble.
The gnoll bouda hits you with a +0 club.
Unknown command.
You are too injured to fight recklessly!
Unknown command.
You are too injured to fight recklessly!
The gnoll bouda attacks as you move away!
The gnoll bouda hits you with a +0 club!
* * * LOW HITPOINT WARNING * * *
It was a potion of flight.
You feel very buoyant.
You fly up into the air.
The gnoll is no longer moving quickly.
The gnoll bouda barks out a call to the hunt!
The gnoll picks up the pace!
It was a potion of lignification.
You turn into a tree.
Your +0 helmet melds into your body.
Your +0 chain mail melds into your body.
Your roots penetrate the ground.
The gnoll is no longer moving quickly.
The gnoll bouda hits you with a +0 club.
* * * LOW HITPOINT WARNING * * *
Unknown command.
You feel very mighty all of a sudden.
You puncture the gnoll!
The gnoll is almost dead.
The gnoll is no longer moving quickly. x2
The gnoll bouda hits you but does no damage.
The gnoll hits you with a +0 whip!
* * * LOW HITPOINT WARNING * * *
Unknown command.
It was a potion of haste.
You feel yourself speed up.
The gnoll bouda barks out a call to the hunt!
The gnolls pick up the pace!
The gnoll hits you with a +0 whip.
You die...

###
#.#################
#g♣................
#g#################
#g# #g# #g# #)# #.#
#.# #.#


You could see a gnoll bouda and 4 gnolls.

Vanquished Creatures
  A hound (D:4)
  5 gnolls
  4 adders
  A shadow imp (D:3)
  3 worms
  2 orcs (D:3)
  8 ball pythons
  6 bats
  5 endoplasms
  6 giant cockroaches
  2 goblins
  9 hobgoblins
  2 quokkas
  3 frilled lizards
  3 kobolds
  4 rats
64 creatures vanquished.

Notes
Turn   | Place    | Note
-------+----------+-------------------------------------------
     0 | D:1      | Anandil the Demonspawn Fighter began the quest for the Orb.
     0 | D:1      | Reached XP level 1. HP: 18/18 MP: 1/1
   152 | D:1      | Gained mutation: You are partially covered in molten
                  | scales. (AC +2) [demonic ancestry]
   152 | D:1      | Reached XP level 2. HP: 24/24 MP: 2/2
   858 | D:2      | Gained mutation: You are mostly covered in molten scales.
                  | (AC +3) [demonic ancestry]
   858 | D:2      | Reached XP level 3. HP: 20/29 MP: 3/3
  1181 | D:2      | Gained mutation: You sometimes gain a little power by
                  | taking damage. [demonic ancestry]
  1181 | D:2      | Reached XP level 4. HP: 22/35 MP: 4/4
  1763 | D:3      | Found a snail-covered altar of Cheibriados.
  2002 | D:3      | Gained mutation: Your touch may inflict minor irresistible
                  | damage on your foes. [demonic ancestry]
  2002 | D:3      | Reached XP level 5. HP: 42/42 MP: 5/5
  2371 | D:4      | Reached skill level 4 in Fighting
  2471 | D:4      | Slain by a gnoll

Illustrated notes

Levels and vault maps discovered:
D:1:      dpeg_arrival_simpleton_b, layout_loops_ring
D:2:      layout_loops_ring, kennysheep_donut
D:3:      layout_basic, nicolae_elyvilon_temple_path, chei_slow_surprise
D:4:      layout_basic

Skill      XL: |  1  2  3  4  5 |
---------------+----------------+-----
Polearms       | 2 |  2.9
Armour         | 3 |  3.6
Shields        | 3 |  3.6
Fighting       | 4 |  4.0

Action                     |  1- 3 |  4- 6 || total
---------------------------+-------+-------++-------
  Melee: Trident           |   115 |   145 ||   260
    Use: Potion            |       |     4 ||     4
 Armour: Scale mail        |    17 |       ||    17
         Chain mail        |    30 |    80 ||   110
         Skin              |       |     1 ||     1
  Dodge: Dodged            |    36 |    44 ||    80
  Block: Buckler           |     8 |    29 ||    37
